 Dungeon Crawl Stone Soup version 0.29-a0-284-gf9362112df (webtiles) character file.

Game seed: 15575925253916013559

1571 drugrobin the Cleaver (level 8, -6/70 HPs)
             Began as a Demigod Fighter on Mar 21, 2022.
             Mangled by an ogre
             ... wielding a +0 giant club
              (29 damage)
             ... on level 7 of the Dungeon.
             The game lasted 00:20:16 (6877 turns).

drugrobin the Cleaver (Demigod Fighter)             Turns: 6877, Time: 00:20:17

Health: -6/70      AC: 10    Str: 25    XL:     8   Next: 33%
Magic:  10/10      EV: 11    Int: 10    God:
Gold:   249        SH:  5    Dex: 19    Spells: 7/7 levels left

rFire   . . .      SeeInvis .   a - +3 hand axe
rCold   + . .      Faith    .   x - +0 buckler
rNeg    . . .      Spirit   .   H - +2 chain mail {rC+}
rPois   .          Reflect  .   (no helmet)
rElec   .          Harm     .   (no cloak)
rCorr   .          Rampage  .   (no gloves)
Will    .....                   (no boots)
Stlth   ..........              L - amulet of regeneration
HPRegen 1.01/turn               f - +4 ring of evasion
MPRegen 0.12/turn               s - +6 ring of dexterity

@: marked
A: high MP 1, forlorn, divine attributes
a: no special abilities


You were on level 7 of the Dungeon.
You visited 1 branch of the dungeon, and saw 7 of its levels.
You also visited: Sewer.

You collected 249 gold pieces.

Inventory:

Hand Weapons
 a - a +3 hand axe (weapon)
 b - a +2 dagger of venom
 c - a +0 hand crossbow
 d - a +0 war axe
 e - a +0 hand axe of flaming
Missiles
 r - 16 poisoned darts
 v - a curare-tipped dart
 E - 2 throwing nets
 M - 11 boomerangs (quivered)
Armour
 x - a +0 buckler (worn)
 H - a +2 chain mail of cold resistance (worn)
Jewellery
 f - a +4 ring of evasion (left hand)
 s - a +6 ring of dexterity (right hand)
 B - an amulet of guardian spirit
 D - a ring of magical power
 F - a ring of protection from cold
 L - an amulet of regeneration (around neck)
 N - an amulet of magic regeneration
Wands
 u - a wand of polymorph (2)
 C - a wand of mindburst (17)
 I - a wand of acid (7)
 K - a wand of flame (19)
Scrolls
 g - 2 scrolls of enchant armour {unknown}
 i - 5 scrolls of teleportation {unknown}
 l - 4 scrolls of identify
 m - a scroll of amnesia
 n - a scroll of blinking
 p - 2 scrolls of immolation {unknown}
 t - a scroll of vulnerability
 y - a scroll of fog
Potions
 h - a potion of invisibility {unknown}
 j - 6 potions of curing {unknown}
 k - 5 potions of heal wounds {unknown}
 o - 2 potions of brilliance {unknown}
 q - a potion of lignification {unknown}
 w - 2 potions of mutation {unknown}
 z - 2 potions of cancellation {unknown}
 A - a potion of resistance {unknown}
 G - 3 potions of degeneration {unknown}
 J - 3 potions of might
 O - a potion of flight {unknown}


   Skills:
 + Level 6.2 Fighting
 * Level 8.2 Axes
 - Level 2.6 Armour
 - Level 2.6 Shields
 + Level 1.1 Evocations


You had 7 spell levels left.
You didn't know any spells.
Your spell library contained the following spells:

 Spells                   Type           Power      Damage    Failure   Level
 Corpse Rot               Necr/Air       0%         N/A       99%         2
 Poisonous Vapours        Pois/Air       0%         N/A       99%         2


Dungeon Overview and Level Annotations

Branches:
Dungeon (7/15)             Temple (0/1) D:6           Sewer (visited)


Innate Abilities, Weirdness & Mutations

You have an increased reservoir of magic. (+10% MP)
You shall have no god before yourself.
Your divine heritage dramatically boosts your attributes as you level up.


Message History

Unknown command.
You barely miss the ogre.
The ogre is moderately wounded.
The ogre barely misses you.
Unknown command.
Unknown command.
Unknown command.
Unknown command.
You hit the ogre.
The ogre is moderately wounded.
An orc priest comes into view. It is wielding a +0 long sword.
Unknown command.
Unknown command.
Unknown command.
You barely miss the ogre.
The ogre is moderately wounded.
The ogre closely misses you.
Unknown command.
Unknown command.
Unknown command.
Unknown command.
Unknown command.
You hit the ogre.
The ogre is heavily wounded.
Unknown command.
Unknown command.
Unknown command.
Unknown command.
Unknown command.
You hit the ogre.
The ogre is severely wounded.
The ogre hits you with a +0 giant club!
Unknown command.
Unknown command.
Unknown command.
Unknown command.
You closely miss the ogre.
The ogre is severely wounded.
The ogre hits you with a +0 giant club!!
You die...

################.#
#.....##.#.....#O#
####..#.....<#.#.#
#..##.#.###.#.#
#.......###.#o#
##.##.....#.#.#
#.....##.#@#o###
#.###.##.#.O{..#
#.# #.##.###.#.#
### #.##.# ...
#.##.# #### #....#
######


You could see an ogre.

Vanquished Creatures
  Edmund (D:4)
  An ice beast (D:6)
  An orc warrior (D:7)
  2 kobold brigands (Sewer)
  Blork the orc (D:5)
  A necrophage (D:6)
  2 scorpions
  3 howler monkeys
  6 orc priests
  A hound (D:4)
  2 jellies
  An iguana (D:5)
  6 orc wizards
  11 adders
  A shadow imp (D:6)
  2 white imps
  3 ufetubi
  4 dart slugs
  33 orcs
  6 endoplasms
  11 giant cockroaches
  8 goblins
  12 hobgoblins
  22 kobolds
  6 quokkas
  8 ball pythons
  11 bats
  8 frilled lizards
  6 rats
180 creatures vanquished.

Vanquished Creatures (others)
  2 plants (Sewer)
2 creatures vanquished.

Grand Total: 182 creatures vanquished

Notes
Turn   | Place    | Note
-------+----------+-------------------------------------------
     0 | D:1      | drugrobin the Demigod Fighter began the quest for the Orb.
     0 | D:1      | Reached XP level 1. HP: 18/18 MP: 3/3
    42 | D:1      | Reached skill level 2 in Axes
   118 | D:1      | Reached XP level 2. HP: 25/25 MP: 4/4
  1108 | D:1      | Reached XP level 3. HP: 27/31 MP: 5/5
  1391 | D:2      | Reached skill level 3 in Axes
  2041 | D:2      | Reached XP level 4. HP: 38/38 MP: 6/6
  2431 | D:3      | Reached skill level 4 in Axes
  3086 | D:3      | Reached XP level 5. HP: 46/46 MP: 7/7
  3891 | D:4      | Reached skill level 5 in Axes
  3891 | D:4      | Reached XP level 6. HP: 51/52 MP: 8/8
  4249 | D:5      | Entered Level 5 of the Dungeon
  4249 | D:5      | Noticed Edmund
  4261 | D:4      | Killed Edmund
  4373 | D:5      | Found a glowing drain.
  4388 | Sewer    | Entered a sewer
  4441 | Sewer    | Reached skill level 6 in Axes
  4740 | Sewer    | Reached XP level 7. HP: 60/60 MP: 9/9
  4748 | Sewer    | Reached skill level 5 in Fighting
  5336 | D:5      | Noticed Blork the orc
  5345 | D:5      | Killed Blork the orc
  5817 | D:6      | Reached skill level 7 in Axes
  5950 | D:6      | Found a staircase to the Ecumenical Temple.
  6376 | D:6      | Reached XP level 8. HP: 54/70 MP: 10/10
  6567 | D:7      | Reached skill level 8 in Axes
  6730 | D:6      | Reached skill level 1 in Evocations
  6877 | D:7      | Mangled by an ogre

Illustrated notes

Levels and vault maps discovered:
D:1:      lightli_arrival_windingriver, layout_basic
D:2:      layout_loops_cross
D:3:      layout_basic, old_standard_altar, ebering_ecumenical_altar_rust
D:4:      layout_basic
D:5:      layout_basic, portal_sewer_entry_f, uniq_edmund, uniq_blork_the_orc
D:6:      layout_cave_pools, minmay_temple_entry_mist
D:7:      layout_basic, nicolae_overflow_hidden_temple

Skill      XL: |  1  2  3  4  5  6  7  8 |
---------------+-------------------------+-----
Axes           | 2 3 4 5 6 7 8 |  8.2
Fighting       | 3 4 5 6 |  6.2
Evocations     | 1 |  1.1
Armour         | |  2.6
Shields        | |  2.6

Action                   |  1- 3 |  4- 6 |  7- 9 || total
-------------------------+-------+-------+-------++-------
Melee: War axe           |    87 |    60 |    36 ||   183
       Dagger            |    41 |   134 |    54 ||   229
       Hand axe          |       |       |   105 ||   105
 Fire: Hand crossbow     |       |    10 |     5 ||    15
Throw: Boomerang         |     9 |    10 |    19 ||    38
       Dart              |       |       |     5 ||     5
Evoke: Wand              |       |       |     4 ||     4
  Use: Scroll            |       |       |     4 ||     4
Armor: Scale mail        |    54 |    32 |       ||    86
       Plate armour      |       |    56 |    37 ||    93
       Chain mail        |       |       |    32 ||    32
Dodge: Dodged            |    62 |    97 |    73 ||   232
Block: Buckler           |    22 |    40 |    45 ||   107

Table legend: (Time is in decaauts)
 A = Elapsed time spent in this place.
 B = Non-inter-level travel time spent in this place.
 C = Inter-level travel time spent in this place.
 D = Time resting spent in this place.
 E = Time spent auto-exploring this place.
 F = Levels seen in this place.
 G = Mean time per level.
                   A        B        C        D        E       F      G
               +--------+--------+--------+--------+--------+-----+--------+
         Total |   6985 |   6634 |    351 |    697 |   4097 |   8 |  873.1 |
       Dungeon |   6550 |   6199 |    351 |    697 |   3917 |   7 |  935.7 |
         Sewer |    435 |    435 |      0 |      0 |    179 |   1 |  435.0 |
               +--------+--------+--------+--------+--------+-----+--------+

Top non-repeatable levels by time:
     D:1: 1381 daAuts
     D:3: 1348 daAuts
     D:5: 1019 daAuts
     D:2: 852 daAuts
     D:4: 823 daAuts
     D:6: 705 daAuts
   Sewer: 435 daAuts
     D:7: 420 daAuts
